 Dungeon Crawl Stone Soup version 0.18-a0-738-g888b110 (webtiles) character file.

9797 Arkorax the Unseen (level 11, -2/86 HPs)
             Began as a Vampire Assassin on Dec 10, 2015.
             Was a Believer of Ashenzari.
             Slain by an orc warrior
             ... wielding a +0 glaive
              (14 damage)
             ... on level 9 of the Dungeon.
             The game lasted 00:37:37 (20658 turns).

Arkorax the Unseen (Vampire Assassin)              Turns: 20658, Time: 00:37:37

Health: -2/86      AC: 14    Str: 12    XL:     11   Next: 27%
Magic:  11/11      EV: 10    Int: 14    God:    Ashenzari [**....]
Gold:   532        SH:  0    Dex: 17    Spells: 1 memorised, 7 levels left

rFire  . . .     SeeInvis +     v - +3 dagger (venom) (curse)
rCold  + + .     Clarity  .     K - +0 swamp dragon armour (curse)
rNeg   + + +     SustAt   .     (no shield)
rPois  ∞         Gourm    .     g - +0 helmet
rElec  .         Spirit   .     d - +0 cloak
rCorr  .         Dismiss  .     o - +0 pair of gloves
rMut   .         Stasis   .     a - +0 pair of boots
MR     +....                    (no amulet)
Stlth  +++++++...               (no ring)
                                (no ring)

@: bloodless, non-regenerating, somewhat resistant to hostile enchantments,
extremely stealthy
A: fangs 3, see invisible, unbreathing
a: Bat Form, Scrying, Renounce Religion


You were on level 9 of the Dungeon.
You worshipped Ashenzari.
Ashenzari was pleased with you.
You were bloodless.

You visited 2 branches of the dungeon, and saw 11 of its levels.

You collected 532 gold pieces.

Inventory:

Hand Weapons
 b - a +0 blowgun
 h - a +1 vampiric dagger
 v - a cursed +3 dagger of venom (weapon)
 G - a +0 dagger of flaming
Missiles
 e - 34 poisoned needles
 f - a curare-tipped needle
 y - 5 needles of sleeping
 I - 6 needles of slowing
Armour
 a - a +0 pair of boots (worn)
 d - a +0 cloak (worn)
 g - a +0 helmet (worn)
 o - a +0 pair of gloves (worn)
 z - a +0 shield
 K - a cursed +0 swamp dragon armour (worn)
 S - a +1 robe of cold resistance
Jewellery
 c - an uncursed amulet of resist corrosion
 n - an uncursed ring of poison resistance
 A - an uncursed ring of positive energy
Wands
 r - a wand of random effects (5)
 t - a wand of frost (23)
 w - a wand of teleportation (7)
 F - a wand of random effects (23)
 Q - a wand of magic darts (28)
Scrolls
 j - 2 scrolls of curse armour
 k - 3 scrolls of amnesia
 p - 7 scrolls of remove curse
 s - a scroll of teleportation
 u - a scroll of magic mapping
 C - 2 scrolls of noise
 M - 5 scrolls of identify
 N - a scroll of fear
Potions
 m - 4 potions of brilliance
 q - a potion of degeneration
 x - 2 potions of cure mutation {unknown}
 B - 3 potions of berserk rage
 D - a potion of resistance {unknown}
 E - a potion of lignification
 H - a potion of poison {unknown}
 L - a potion of haste
 O - a potion of curing
 R - a potion of might {unknown}
Books
 l - a book of Ice

   Spells                             Type                      Level
   a - Ice Form                       Ice/Transmutation            4
   b - Metabolic Englaciation         Hexes/Ice                    5
   c - Ozocubu's Refrigeration        Ice                          6
   d - Bolt of Cold                   Conjuration/Ice              6
   e - Freezing Cloud                 Conjuration/Ice/Air          6
   f - Simulacrum                     Ice/Necromancy               6
 J - a book of Necromancy

   Spells                             Type                      Level
   a - Pain                           Necromancy                   1
   b - Animate Skeleton               Necromancy                   1
   c - Vampiric Draining              Necromancy                   3
   d - Regeneration                   Charms/Necromancy            3
   e - Animate Dead                   Necromancy                   4
   f - Control Undead                 Necromancy                   4
 T - a Young Poisoner's Handbook

   Spells                             Type                      Level
   a - Sting                          Conjuration/Poison           1
   b - Cure Poison                    Poison                       2
   c - Mephitic Cloud                 Conjuration/Poison/Air       3
   d - Olgreb's Toxic Radiance        Poison                       4
   e - Venom Bolt                     Conjuration/Poison           5
 U - a book of Annihilations

   Spells                             Type                      Level
   a - Poison Arrow                   Conjuration/Poison           6
   b - Chain Lightning                Conjuration/Air              8
   c - Lehudib's Crystal Spear        Conjuration/Earth            8
   d - Glaciate                       Conjuration/Ice              9
   e - Fire Storm                     Conjuration/Fire             9


   Skills:
 - Level 8.0 Fighting
 - Level 7.9(10.2) Short Blades
 - Level 1.5 Throwing
 - Level 7.7 Armour
 - Level 1.1 Dodging
 - Level 15.5 Stealth
 + Level 0.8 Conjurations
 * Level 1.4 Air Magic
 * Level 1.5 Poison Magic


You had 7 spell levels left.
You knew the following spells:

 Your Spells              Type           Power        Failure   Level  Hunger
a - Mephitic Cloud        Conj/Pois/Air  #.......     92%         3    ####...


Dungeon Overview and Level Annotations

Branches:
Dungeon (10/15)            Temple (1/1) D:6            Lair (0/8) D:10
    Orc: D:9-12

Altars:
Ashenzari
Cheibriados
Dithmenos
Elyvilon
Fedhas
Gozag
Kikubaaqudgha
Makhleb
Nemelex Xobeh
Okawaru
Pakellas
Qazlal
Ru
Sif Muna
Trog
Vehumet
Xom
Yredelemnul
Zin
The Shining One

Annotations:
D:9 P0WERM0DE's ghost, novice OgWr


Innate Abilities, Weirdness & Mutations

You do not heal naturally.
You are immune to poison.
You have razor-sharp teeth.
You have supernaturally acute eyesight.
You can survive without breathing.


Message History

The orc warrior hits you but does no damage.
You climb upwards.
Level annotation: P0WERM0DE's ghost, novice OgWr
There is a stone staircase leading down here.
You hit the orc warrior but do no damage.
You hit the orc warrior but do no damage.
The orc warrior hits you but does no damage.
You hit the orc warrior but do no damage.
The orc warrior is poisoned.
You closely miss the orc warrior. The orc warrior hits you with a glaive.
* * * LOW HITPOINT WARNING * * *
You hit the orc warrior.
The orc warrior looks even sicker.
The orc warrior is lightly wounded.
You hit the orc warrior but do no damage.
The orc warrior is moderately wounded.
You hit the orc warrior.
You bite the orc warrior, but do no damage.
The orc warrior is moderately wounded.
The orc warrior hits you with a glaive!
You die...

#.#
#.......'..##....#+......
#.#
#.....##...#._...#####...
#.# #.#.#.###..##....#
#..... ###'###.###.#
#...##..####.#.##
#.....#.....#
##.....##.##.#.#
#.♣.♣.#.#####
##.)####.##.#.# #.._.[#.#
###.# #......# #.♣.♣.#.#
######.# ####.###
#.....#.######@o....##
#.#
#######.u.##...[.#...##
#)# #.#.#.##.....#....#
#.# #.#..........#...##
#.#
#.###.##........######.#
#.....##...............#
########################


You could see an orc warrior.

Vanquished Creatures
  Fannar (D:9)
  Nergalle (D:9)
  Pikel (D:7)
  A troll (D:9)
  A two-headed ogre (D:9)
  A wyvern (D:9)
  6 yaks (D:9)
  Grum (D:8)
  A hungry ghost (D:7)
  Edmund (D:5)
  3 wolves (D:7)
  2 ice beasts
  3 orc warriors
  A black bear (D:6)
  A slave (D:7)
  A water moccasin (D:9)
  4 centaurs
  A phantom (D:7)
  9 ogres
  A necrophage (D:10)
  2 big kobolds
  A crocodile (D:9)
  A gnoll sergeant (D:5)
  4 giant frogs
  4 scorpions
  16 killer bees
  2 centaur zombies
  5 crimson imps
  A jelly (D:7)
  2 wasp zombies (D:9)
  4 centaur skeletons
  3 giant frog zombies
  2 giant frog skeletons
  9 hounds
  An iguana (D:9)
  An iron imp (D:5)
  12 orc wizards
  12 orc priests
  8 worker ants
  3 hound skeletons
  2 river rats (D:10)
  8 gnolls
  12 adders
  A shadow imp (D:5)
  An ooze (D:3)
  5 adder skeletons
  2 adder zombies (D:5)
  8 worms
  54 orcs
  4 ball pythons
  5 bats
  6 giant cockroaches
  14 goblins
  7 hobgoblins
  9 jackals
  23 kobolds
  4 quokkas
  9 giant geckos
  7 giant newts
  2 jackal skeletons
  10 rats
  A plant (D:10)
328 creatures vanquished.

Vanquished Creatures (others)
  A wolf (D:8)
  A sky beast (D:8)
  A slave (D:8)
  A giant frog (D:8)
  2 orcs
  A wasp zombie (D:7)
  3 orc wizards
  A giant gecko (D:8)
11 creatures vanquished.

Grand Total: 339 creatures vanquished

Notes
Turn   | Place    | Note
--------------------------------------------------------------
     0 | D:1      | Arkorax the Vampire Assassin began the quest for the Orb.
     0 | D:1      | Reached XP level 1. HP: 16/16 MP: 1/1
    79 | D:1      | Reached skill level 6 in Stealth
   306 | D:1      | Reached XP level 2. HP: 22/22 MP: 2/2
   854 | D:2      | Reached XP level 3. HP: 27/27 MP: 3/3
   904 | D:2      | Reached skill level 7 in Stealth
   929 | D:2      | Found an ancient bone altar of Kikubaaqudgha.
   931 | D:2      | Found a glowing silver altar of Zin.
  1368 | D:2      | Reached XP level 4. HP: 18/34 MP: 4/4
  1822 | D:2      | Found a stormy altar of Qazlal.
  1824 | D:2      | Noticed a fire elemental
  1824 | D:2      | Noticed a water elemental
  1825 | D:2      | Noticed an air elemental
  1845 | D:2      | Found a snail-covered altar of Cheibriados.
  2161 | D:3      | Reached skill level 8 in Stealth
  2658 | D:3      | Reached XP level 5. HP: 34/39 MP: 5/5
  3051 | D:4      | Found an oddly glowing altar of Pakellas.
  3073 | D:4      | Noticed an ogre
  3453 | D:4      | Reached XP level 6. HP: 45/47 MP: 6/6
  3803 | D:4      | Reached skill level 9 in Stealth
  4273 | D:4      | Reached skill level 5 in Short Blades
  4273 | D:4      | Reached XP level 7. HP: 47/54 MP: 7/7
  4785 | D:5      | Entered Level 5 of the Dungeon
  4874 | D:5      | Reached skill level 5 in Fighting
  5551 | D:5      | Noticed Edmund
  5554 | D:5      | Reached XP level 8. HP: 58/62 MP: 8/8
  5616 | D:5      | Killed Edmund
  5819 | D:5      | Reached skill level 10 in Stealth
  5847 | D:5      | HP: 2/63 [ogre/giant club (26)]
  6523 | D:5      | Found a glowing silver altar of Zin.
  7356 | D:5      | Found a burning altar of Makhleb.
  9540 | D:5      | HP: 2/65 [ogre/giant club (21)]
 10229 | D:6      | Found a staircase to the Ecumenical Temple.
 10235 | Temple   | Entered the Ecumenical Temple
 10520 | Temple   | Became a worshipper of Ashenzari the Shackled
 10609 | D:6      | Reached XP level 9. HP: 42/71 MP: 9/9
 10873 | D:6      | Reached skill level 1 in Armour
 11325 | D:6      | Found a shimmering altar of Xom.
 11915 | D:7      | Found a deep blue altar of Sif Muna.
 12310 | D:7      | Found an iron altar of Okawaru.
 12584 | D:7      | Reached * piety under Ashenzari
 12605 | D:7      | Reached skill level 11 in Stealth
 12840 | D:8      | Noticed Pikel
 12984 | D:7      | Killed Pikel
 13039 | D:7      | Reached skill level 12 in Stealth
 13055 | D:8      | Noticed Grum
 13086 | D:7      | Reached XP level 10. HP: 29/80 MP: 10/10
 13711 | D:7      | Reached skill level 5 in Armour
 14175 | D:8      | Killed Grum
 14633 | D:9      | Reached skill level 13 in Stealth
 15204 | D:9      | Found a shadowy altar of Dithmenos.
 15265 | D:9      | Found a basalt altar of Yredelemnul.
 15316 | D:9      | Found an opulent altar of Gozag.
 15636 | D:9      | Reached skill level 14 in Stealth
 16011 | D:9      | Found a bloodstained altar of Trog.
 16372 | D:10     | Entered Level 10 of the Dungeon
 16379 | D:10     | Noticed Fannar
 16415 | D:10     | Noticed Nergalle
 16421 | D:10     | Noticed a spectral orc warlord
 16664 | D:10     | Noticed a spectral orc warlord
 16726 | D:9      | Killed Nergalle
 16726 | D:9      | Reached skill level 15 in Stealth
 16726 | D:9      | Reached XP level 11. HP: 63/86 MP: 11/11
 16908 | D:9      | Killed Fannar
 17312 | D:10     | Learned a level 3 spell: Mephitic Cloud
 17344 | D:10     | Reached ** piety under Ashenzari
 17620 | D:9      | Noticed P0WERM0DE's ghost (novice OgWr)
 18446 | D:9      | Reached skill level 1 in Air Magic
 18507 | D:9      | Reached skill level 1 in Poison Magic
 18962 | D:10     | Found a staircase to the Lair.
 20658 | D:9      | Slain by an orc warrior

Vault maps used:
D:1:      elethiomel_arrival_quiet, corexii_leaking_fountain, amethyst_killhole
D:2:      nicolae_qazlal_style_of_elements, kiku_gazebo_pond_becter,
          cheibriados_altar_1, lemuel_crystal_altar
D:3:      kennysheep_goblin_castle
D:4:      overflow_temple_1_default, first_bread
D:5:      makhleb_grotto_becter, basic_altar, uniq_edmund
D:6:      minmay_temple_entry_hall, basic_altar
D:7:      kennysheep_mini, kennysheep_mini_moat
D:8:      uniq_pikel, uniq_grum
D:9:      nicolae_overflow_hidden_temple,
          nicolae_dithmenos_through_a_glass_darkly, nicolae_gozag_seed_capital,
          kennysheep_little_box
D:10:     due_lair_maze_entry_diamond, hangedman_pestilent_swarm,
          lightli_orcish_oven, uniq_fannar, uniq_nergalle
Temple:   minmay_temple_bridge_c_8

Action                   |  1- 3 |  4- 6 |  7- 9 | 10-12 || total
-------------------------+-------+-------+-------+-------++-------
Melee: Dagger            |    91 |   160 |   835 |   866 ||  1952
 Fire: Blowgun           |       |     9 |    24 |       ||    33
 Abil: End Transformatio |       |     1 |     2 |     1 ||     4
       Bat Form          |       |     1 |     2 |     1 ||     4
Evoke: Wand              |       |       |       |     7 ||     7
  Use: Potion            |     1 |     1 |     8 |     5 ||    15
       Scroll            |       |       |    18 |     6 ||    24
 Stab: Sleeping          |     8 |    17 |    26 |    14 ||    65
       Distracted        |     1 |       |     2 |     5 ||     8
  Eat: Corpse            |       |     7 |    15 |     7 ||    29
